Map: Orbital Shipyard

Players

IlIlIIlIIlll - Winner!

  • Race: Protoss Protoss
  • League: Grandmaster

Dunmer

  • Race: Terran Terran

VOD

Have the link to the VOD?

Description

In this game I went for Ty style 3 CC with solid defence to get a strong mid game going. However I felt like I wasnt in a position to take my 4th base easily and to be honest fell apart as to how to close the game out after winning a big fight!

Time

  • Played on: Dec. 3, 2015, 7:15 p.m.
  • Length: 14:51
Show
View Real Time Build Order
Export as new Build Order

IlIlIIlIIlll Protoss - Winner!

Build Orders: 1 Gate Expand 

Get SALT Encoding   

  12  0:01  Probe (Chrono Boost)  
  13  0:11  Probe (Chrono Boost)  
  14  0:17  Pylon  
  14  0:22  Probe (Chrono Boost)  
  15  0:35  Probe (Chrono Boost)  
  16  0:36  Gateway  
  16  0:41  Assimilator  
  16  0:46  Probe (Chrono Boost)  
  17  0:56  Probe (Chrono Boost)  
  18  1:07  Probe (Chrono Boost)  
  19  1:17  Nexus  
  19  1:26  Cybernetics Core  
  19  1:30  Probe (Chrono Boost)  
  20  1:37  Assimilator  
  20  1:40  Probe (Chrono Boost)  
  20  1:45  Pylon  
  21  1:51  Probe (Chrono Boost)  
  23  2:01  Probe (Chrono Boost)  
  23  2:02  Warp Gate  
  23  2:03  Adept (Chrono Boost)  
  25  2:13  Probe  
  26  2:25  Probe (Chrono Boost)  
  26  2:27  Adept (Chrono Boost)  
  26  2:28  Robotics Facility  
  26  2:29  Probe (Chrono Boost)  
  31  2:37  Probe (Chrono Boost)  
  31  2:40  Probe (Chrono Boost)  
  32  2:47  Probe (Chrono Boost)  
  32  2:51  Probe (Chrono Boost)  
  34  2:53  Adept  
  34  2:58  Probe (Chrono Boost)  
  37  3:01  Probe (Chrono Boost)  
  37  3:04  Pylon  
  38  3:08  Probe (Chrono Boost)  
  39  3:15  Probe (Chrono Boost)  
  39  3:19  Probe (Chrono Boost)  
  41  3:22  Warp Prism  
  41  3:25  Probe (Chrono Boost)  
  44  3:28  Gateway x2  
  44  3:32  Probe (Chrono Boost)  
  43  3:34  Adept (Chrono Boost)  
  45  3:43  Probe  
  45  3:44  Probe  
  45  3:45  Pylon  
  47  3:56  Mothership Core (Chrono Boost)  
  47  3:57  Probe (Chrono Boost)  
  47  4:00  Twilight Council  
  50  4:07  Nexus  
  50  4:09  Probe (Chrono Boost)  
  51  4:12  Observer  
  51  4:15  Probe (Chrono Boost)  
  53  4:22  Probe (Chrono Boost)  
  54  4:25  Assimilator  
  54  4:26  Probe (Chrono Boost)  
  54  4:27  Assimilator  
  54  4:28  Pylon  
  55  4:31  Immortal  
  55  4:34  Probe (Chrono Boost)  
  55  4:36  Probe (Chrono Boost)  
  62  4:45  Probe (Chrono Boost)  
  62  4:46  Pylon  
  62  4:47  Probe (Chrono Boost)  
  55  4:54  Blink (Chrono Boost)  
  55  4:56  Probe  
  55  4:57  Probe  
  57  5:01  Stalker  
  57  5:02  Stalker x2, Pylon  
  63  5:08  Probe, Observer  
  63  5:09  Probe  
  66  5:18  Probe  
  66  5:20  Probe  
  68  5:22  Probe, Robotics Bay  
  68  5:28  Probe  
  69  5:29  Observer  
  69  5:30  Pylon  
  69  5:32  Probe  
  69  5:34  Probe  
  73  5:36  Sentry  
  73  5:37  Adept x2  
  73  5:39  Probe  
  80  5:44  Probe  
  80  5:46  Probe  
  80  5:49  Probe  
  82  5:57  Probe, Immortal  
  84  5:58  Probe  
  84  6:00  Gateway  
  84  6:02  Gateway x2  
  84  6:03  Gateway, Probe  
  89  6:07  Pylon  
  90  6:17  Probe  
  91  6:21  Dark Shrine  
  91  6:29  Forge, Zealot  
  91  6:30  Colossus, Forge, Zealot x2  
  97  6:32  Charge (Chrono Boost)  
  97  6:39  Probe  
  104  6:40  Assimilator  
  104  6:41  Assimilator  
  104  6:44  Pylon  
  104  6:45  Probe, Pylon  
  104  6:46  Pylon  
  105  6:51  Zealot x3  
  111  7:07  Photon Cannon  
  111  7:08  Protoss Ground Weapons Level 1 (Chrono Boost), Protoss Ground Armor Level 1 (Chrono Boost)  
  111  7:15  Gateway  
  111  7:16  Gateway x2  
  111  7:25  Pylon  
  111  7:27  Stalker x6  
  123  7:38  Pylon  
  123  7:43  Observer  
  123  7:48  Nexus  
  123  7:51  Dark Templar  
  123  7:52  Dark Templar  
  123  7:53  Resonating Glaives  
  127  8:00  Pylon  
  127  8:10  Templar Archives  
  127  8:11  Zealot x2  
  127  8:12  Zealot x3  
  137  8:14  Pylon  
  137  8:18  Dark Templar  
  139  8:22  Warp Prism  
  141  8:38  Robotics Facility, Photon Cannon  
  141  8:40  Photon Cannon  
  141  8:41  Dark Templar x2  
  143  8:51  Dark Templar  
  143  8:52  Dark Templar, Zealot x3  
  143  8:53  Zealot  
  153  8:56  Stalker  
  153  8:57  Archon  
  153  8:58  Archon  
  155  9:07  Zealot  
  157  9:12  Protoss Ground Weapons Level 2 (Chrono Boost)  
  157  9:13  Protoss Ground Armor Level 2 (Chrono Boost)  
  157  9:18  Dark Templar, Zealot x4, Assimilator x2  
  157  9:19  Zealot  
  168  9:27  Zealot x3  
  168  9:28  Zealot  
  176  9:39  Probe  
  176  9:42  High Templar  
  176  9:43  Zealot, High Templar  
  183  9:46  Nexus, Zealot  
  183  9:47  Archon  
  183  9:52  Probe  
  178  10:03  Probe  
  178  10:06  Colossus x2 (Chrono Boost)  
  117  10:17  Zealot x3, High Templar x2  
  117  10:18  Zealot x3  
  123  10:22  Archon  
  123  10:27  Zealot x2  
  127  10:31  Extended Thermal Lance  
  127  10:39  Zealot x3, High Templar x2  
  127  10:40  Zealot  
  139  10:46  Archon  
  139  10:50  Zealot x3  
  139  10:51  Zealot  
  139  10:56  Disruptor (Chrono Boost)  
  150  11:01  Dark Templar  
  150  11:02  Zealot  
  150  11:03  Zealot x2  
  158  11:07  Disruptor (Chrono Boost)  
  161  11:15  Zealot x3  
  161  11:16  Zealot  
  169  11:22  Zealot x2  
  143  11:28  Zealot x3  
  125  11:37  Zealot  
  125  11:38  Zealot x4  
  119  11:49  Zealot x5  
  129  11:59  Probe  
  129  12:00  Probe x3  
  133  12:02  Dark Templar x2  
  137  12:09  Probe  
  137  12:12  Probe x2  
  139  12:22  Probe  
  139  12:26  Probe  
  140  12:35  Disruptor (Chrono Boost)  
  138  12:43  High Templar x4  
  138  12:44  High Templar x6  
  156  12:46  Gateway  
  156  12:49  Probe x2  
  158  12:51  Archon  
  158  12:52  Archon x4  
  158  12:54  Disruptor (Chrono Boost)  
  160  13:17  Assimilator  
  160  13:18  Assimilator  
  160  13:25  Nexus, Zealot x10  
  160  13:26  Pylon  
  180  13:32  Colossus x2  
  185  13:46  Zealot x7  
  175  14:20  Pylon  
  175  14:24  Stalker x4  
  175  14:25  Stalker x6  
Show
View Real Time Build Order
Export as new Build Order

Dunmer Terran 

Build Orders: Reaper Expand, MMM Bio 

Get SALT Encoding   

  12  0:01  SCV  
  13  0:13  SCV  
  14  0:17  Supply Depot  
  14  0:25  SCV  
  15  0:39  SCV, Barracks  
  16  0:45  Refinery  
  16  0:51  SCV  
  17  1:03  SCV  
  18  1:15  SCV  
  19  1:30  Reaper  
  19  1:31  Supply Depot, Orbital Command  
  20  1:52  Command Center  
  20  2:00  SCV  
  21  2:09  Barracks Reactor  
  21  2:12  SCV  
  22  2:23  Factory  
  22  2:25  SCV  
  23  2:41  SCV  
  24  2:45  Marine x2  
  24  2:50  Command Center  
  26  2:53  SCV  
  27  3:02  Marine  
  27  3:03  Marine  
  29  3:08  Factory Tech Lab, Orbital Command  
  29  3:10  SCV  
  30  3:20  Marine  
  31  3:32  Marine  
  31  3:33  Cyclone  
  31  3:34  SCV  
  35  3:35  SCV  
  35  3:37  Refinery  
  36  3:42  Barracks  
  36  3:45  Barracks, Marine  
  36  3:46  SCV  
  38  3:49  Marine  
  38  3:53  SCV  
  40  3:58  SCV  
  40  4:02  Orbital Command  
  41  4:05  SCV  
  42  4:10  SCV  
  42  4:15  Marine x2  
  45  4:17  SCV  
  45  4:18  Siege Tank  
  45  4:22  SCV  
  50  4:29  SCV  
  51  4:33  Marine x2  
  53  4:44  Marine  
  54  4:50  Marine  
  54  4:52  Barracks Tech Lab  
  55  4:54  Siege Tank  
  55  4:56  SCV, Engineering Bay  
  55  4:58  Engineering Bay, Barracks x2  
  59  5:01  Supply Depot  
  59  5:11  SCV x2  
  61  5:18  Refinery x2  
  61  5:19  Supply Depot  
  61  5:22  SCV, Barracks Tech Lab  
  61  5:23  SCV x2  
  61  5:25  Combat Shields  
  64  5:34  SCV  
  64  5:35  SCV  
  66  5:37  Terran Infantry Weapons Level 1, Terran Infantry Armor Level 1  
  66  5:38  SCV, Marine  
  66  5:39  Marine  
  69  5:52  SCV x2  
  69  5:53  Supply Depot  
  69  5:55  Stimpack  
  69  5:56  Barracks Tech Lab  
  71  6:00  Marine x3  
  71  6:01  Missile Turret  
  71  6:02  Missile Turret  
  71  6:03  Barracks Reactor  
  71  6:04  Marine  
  74  6:05  Orbital Command  
  74  6:07  Supply Depot, SCV x2  
  74  6:08  Supply Depot  
  77  6:15  Starport  
  77  6:17  Marine x2  
  77  6:18  Marine x2  
  81  6:19  SCV  
  81  6:20  SCV  
  81  6:23  Marine  
  81  6:25  Bunker  
  84  6:26  Missile Turret  
  84  6:27  Concussive Shells  
  84  6:33  SCV x3  
  84  6:35  Marine  
  84  6:39  Supply Depot, Marauder, Marine x2  
  92  6:45  SCV x2, Marine  
  92  6:46  Marauder  
  97  6:53  Marine, Marauder  
  100  6:54  SCV  
  100  6:56  Starport Reactor  
  100  7:01  Marauder  
  103  7:04  Marine  
  103  7:06  Supply Depot  
  103  7:07  SCV x2  
  106  7:10  Supply Depot, Marauder, Marine  
  109  7:25  Armory  
  109  7:27  SCV x2, Starport, Marine x2  
  109  7:28  Marauder x2  
  117  7:31  SCV  
  117  7:32  Marauder  
  65  7:37  Medivac x2  
  120  7:38  Supply Depot, Refinery, Marine  
  125  7:46  Supply Depot  
  125  7:48  Supply Depot  
  125  7:59  Marine x4  
  125  8:00  SCV x2, Marauder  
  125  8:04  Supply Depot  
  133  8:08  SCV, Marauder, Supply Depot, Medivac x2  
  133  8:10  Marauder, Starport Reactor  
  133  8:12  Supply Depot  
  142  8:14  Terran Infantry Weapons Level 2  
  142  8:21  Marauder  
  142  8:25  Marine, Terran Infantry Armor Level 2  
  142  8:26  Marine  
  146  8:29  Marine x2  
  146  8:30  Marauder  
  146  8:31  Marauder  
  152  8:39  Liberator x2  
  152  8:43  Marauder  
  152  8:44  Missile Turret  
  154  8:51  Missile Turret, Marauder  
  154  8:53  Marauder  
  158  8:58  Marine x2  
  166  9:02  Missile Turret  
  166  9:04  Marauder  
  166  9:05  Marine  
  168  9:11  Supply Depot, Marine  
  168  9:12  Barracks x3, Marauder  
  168  9:14  Marauder  
  173  9:19  Supply Depot x2  
  173  9:27  Bunker, Liberator x3  
  173  9:33  Marauder  
  173  9:34  Marauder  
  173  9:36  Marine, Marauder  
  173  9:38  Command Center  
  189  9:48  Supply Depot  
  189  9:52  Marine x3  
  192  9:54  Marauder, Marine  
  192  9:55  Marauder  
  147  10:11  Marine  
  147  10:12  Marauder x2, Marine  
  147  10:13  Liberator x3  
  150  10:18  Marauder x2, Marine  
  151  10:25  Barracks Tech Lab  
  151  10:26  Barracks Tech Lab  
  151  10:27  Marine  
  152  10:29  Marine, Liberator  
  152  10:33  Marauder  
  152  10:34  Marine, Marauder  
  167  10:36  Marine  
  167  10:39  Marine  
  167  10:41  Refinery  
  169  10:44  Marauder, Marine  
  169  10:45  Marine, Marauder  
  169  10:47  Marine  
  179  10:52  Marine, Orbital Command  
  179  10:53  Marine  
  179  10:55  Marauder x2  
  185  10:57  Marauder  
  185  11:02  Marine, Marauder  
  190  11:05  Marine  
  190  11:06  Marauder x2  
  190  11:10  Marine  
  196  11:11  Marine  
  196  11:16  Marauder  
  199  11:20  Marine  
  199  11:24  Marauder  
  168  11:27  Marauder  
  168  11:32  Marauder x2, Marine x3  
  151  11:33  Marauder  
  151  11:37  Marauder  
  151  11:38  Marine  
  136  11:40  Terran Infantry Weapons Level 3, Terran Infantry Armor Level 3  
  129  11:51  Liberator  
  129  11:56  Marine  
  129  11:57  Marauder x2  
  129  12:00  Orbital Command  
  134  12:05  Marauder x2, Marine x2  
  143  12:12  Sensor Tower  
  143  12:13  Marine x2  
  143  12:14  Refinery, Marauder  
  147  12:17  Missile Turret  
  147  12:18  Marauder  
  147  12:25  Marine  
  147  12:26  Marauder  
  147  12:27  Marauder  
  130  12:42  Marine x2  
  130  12:43  Marauder x3, Liberator  
  138  12:49  Missile Turret  
  136  12:52  Marine x2  
  136  12:53  Marauder x2, Marine  
  142  13:00  Marine  
  146  13:09  Marine x2  
  146  13:10  Marauder  
  150  13:14  Medivac x2  
  154  13:23  Marauder, Marine x3  
  159  13:29  Marauder  
  157  13:45  Marine  
  157  13:46  Marauder x3, Marine  
  137  13:57  Marauder x2, Marine x2  
  114  14:07  Marauder x2, Marine  
  119  14:10  Orbital Command  
  119  14:16  Widow Mine  
Tags
 
Add a new tag
Caveats
  • Supply blocks, unpowered buildings, or Contaminate may cause inaccurate times.
  • Supply counts are checked every 10 seconds.